 Dungeon Crawl Stone Soup version 0.15.0-14-g6bbbb5c (webtiles) character file.

8611 Patate the Fighter (level 11, -3/166 HPs)
             Began as a Minotaur Berserker on Sept 3, 2014.
             Was a High Priest of Trog.
             Slain by a 13-headed hydra (4 damage)
             ... on Level 2 of the Lair of Beasts on Sept 4, 2014.
             The game lasted 00:54:27 (12163 turns).

Patate the Fighter (Minotaur Berserker)            Turns: 12163, Time: 00:54:28

HP  -3/166       AC 14     Str 30      XL: 11   Next: 12%
MP   4/4         EV  7     Int  4      God: Trog [*****.]
Gold 538         SH  0     Dex  8      Spells:  0 memorised, 10 levels left

rFire  . . .     SeeInvis .     s - +5 hand axe "Vuvosag" {freeze, +Inv}
rCold  . . .     Rnd*Rage +     k - +0 plate armour
rNeg   . . .     rCorr    .     (no shield)
rPois  .         rRot     .     (helmet restricted)
rElec  .         Spirit   .     (no cloak)
SustAb .         Warding  .     (no gloves)
rMut   .         Stasis   .     (no boots)
Gourm  .                        (no amulet)
MR     ++...                    (no ring)
                                (no ring)

@: berserking, regenerating, very quick, very resistant to hostile enchantments,
extremely unstealthy
A: retaliatory headbutt, horns 2, berserk 1, clumsy 1, wild magic 1
a: Burn Spellbooks, Berserk, Trog's Hand, Brothers in Arms, Renounce Religion,
Evoke Invisibility


You were on level 2 of the Lair of Beasts.
You worshipped Trog.
Trog was extremely pleased with you.
You were hungry.

You visited 3 branches of the dungeon, and saw 13 of its levels.

You collected 538 gold pieces.

Inventory:

Hand weapons
 s - the +5 hand axe "Vuvosag" (weapon) {freeze, +Inv}
   (Trog gifted it to you on level 9 of the Dungeon)

   It has been specially enchanted to freeze those struck by it, causing extra
   injury to most foes and up to double damage against particularly susceptible
   opponents.
   It can also slow down cold-blooded creatures.
   It lets you turn invisible.
Armour
 i - a +0 buckler
 k - a +0 plate armour (worn)
Magical devices
 x - a wand of enslavement (10)
 G - a wand of polymorph (15)
 H - a wand of polymorph (4)
 I - a wand of polymorph (10)
Comestibles
 b - 3 meat rations
 c - 6 bread rations
 n - 2 royal jellies
 t - 3 beef jerkies
 D - a chunk of giant frog flesh
 F - a fruit
Scrolls
 d - 3 scrolls of noise {unknown}
 e - 6 scrolls of teleportation
 f - 3 scrolls of fog
 g - 3 scrolls of recharging
 h - 6 scrolls of identify
 j - 2 scrolls of fear
 m - 2 scrolls of enchant weapon
 o - a scroll of magic mapping
 q - a scroll of remove curse
 u - 4 scrolls of immolation {unknown}
 w - 2 scrolls of random uselessness {unknown}
 y - 2 scrolls of enchant armour {unknown}
 E - a scroll of amnesia {unknown}
Jewellery
 z - an uncursed ring of protection from magic {unknown}
Potions
 a - a potion of brilliance
 l - 2 potions of might
 p - a potion of porridge
 r - 2 potions of haste
 v - 4 potions of curing
 A - a potion of berserk rage
 B - a potion of heal wounds
 C - a potion of cancellation


   Skills:
 * Level 14.5 Fighting
 + Level 10.5 Axes
 + Level 10.6 Armour
 - Level 2.1 Dodging


You had 10 spell levels left.
You didn't know any spells.

Dungeon Overview and Level Annotations

Branches:
Dungeon (10/15)            Temple (1/1) D:7            Lair (2/8) D:10
    Orc: D:9-12

Altars:
Ashenzari
Cheibriados
Dithmenos
Elyvilon
Fedhas
Kikubaaqudgha
Makhleb
Nemelex Xobeh
Okawaru
Qazlal
Sif Muna
Trog
Vehumet
Xom
Yredelemnul
Zin
The Shining One

Shops:
D:4 *


Innate Abilities, Weirdness & Mutations

You reflexively headbutt those who attack you in melee.
You have a pair of horns on your head.
You tend to lose your temper in combat.
You are clumsy. (Dex -2)
Your spells are a little harder to cast, but a little more powerful.


Message History

* * * LOW HITPOINT WARNING * * *
Huge Dmg: -12%(-19hp) hp: 4%(6hp)
You slice one of the 11-headed hydra's heads off!
The ten-headed hydra grows two more!
You slash the 12-headed hydra! You freeze the 12-headed hydra.
The 12-headed hydra is severely wounded.
You slice one of the 12-headed hydra's heads off!
The 11-headed hydra grows two more!
You hit the 13-headed hydra. You freeze the 13-headed hydra.
The 13-headed hydra is severely wounded.
The 13-headed hydra bites you.
* * * LOW HITPOINT WARNING * * *
The 13-headed hydra bites you.
* * * LOW HITPOINT WARNING * * *
The 13-headed hydra closely misses you.
The 13-headed hydra bites you but does no damage. x5
The 13-headed hydra bites you.
* * * LOW HITPOINT WARNING * * *
The 13-headed hydra barely misses you. The 13-headed hydra bites you.
You die...

#### ##.P#
###..P#
###...###
#PD@##.#
####..##### #
#.#..## ..
####..## ..##
#P#.#.#
.D..#####...###
.....##...###
.....#P..##
.....#..#.#


You could see a 13-headed hydra.

Vanquished Creatures
  A hill giant (D:10)
  4 spiny frogs (Lair:1)
  A komodo dragon (D:8)
  A hydra zombie (D:8)
  3 spriggans (Lair:1)
  A deep elf mage (D:9)
  A shadow (D:9)
  7 yaks
  A hippogriff (D:8)
  A hungry ghost (D:10)
  A wolf (Lair:1)
  3 water moccasins
  3 ice beasts
  An orc warrior (D:6)
  2 ogres
  A black bear (Lair:1)
  3 phantoms
  4 centaurs
  3 big kobolds
  A crocodile (Lair:2)
  9 giant frogs
  A scorpion (D:7)
  A yak skeleton (D:9)
  A troll skeleton (D:9)
  5 wights (D:6)
  3 crimson imps
  2 jellies
  5 iguanas
  12 hounds
  4 worker ants
  6 orc priests
  A two-headed ogre skeleton (D:8)
  6 orc wizards
  A black bear skeleton (D:9)
  An ogre zombie (D:8)
  Terence (D:2)
  10 adders
  3 orc skeletons
  An inept feature mimic (D:5)
  9 green rats (Lair:1)
  2 giant mites
  4 worms
  3 shadow imps
  An iguana skeleton (D:9)
  7 giant geckos
  35 orcs
  15 bats
  3 bat skeletons
  8 giant cockroaches
  15 goblins
  10 hobgoblins
  4 jackals (D:7)
  34 kobolds
  3 quokkas
  6 giant newts
  A hobgoblin skeleton (D:7)
  13 rats
  A rat skeleton (D:3)
  4 ballistomycetes (D:8)
  3 plants (D:10)
297 creatures vanquished.

Vanquished Creatures (others)
  An ogre (Lair:2)
  2 hounds (D:4)
  A worker ant (D:4)
  A hobgoblin (D:6)
  A bat (D:4)
  A giant spore (D:8)
  A goblin (D:4)
  A rat (D:4)
9 creatures vanquished.

Grand Total: 306 creatures vanquished

Notes
Turn   | Place    | Note
--------------------------------------------------------------
     0 | D:1      | Patate, the Minotaur Berserker, began the quest for the Orb.
     0 | D:1      | Reached XP level 1. HP: 19/19 MP: 1/1
   112 | D:1      | Gained mutation: You are clumsy. (Dex -2) [potion of mutation]
   112 | D:1      | Gained mutation: You tend to lose your temper in combat. [potion of mutation]
   112 | D:1      | Gained mutation: Your spells are a little harder to cast, but a little more powerful. [potion of mutation]
   171 | D:1      | Reached skill level 4 in Fighting
   183 | D:1      | Reached XP level 2. HP: 22/27 MP: 1/1
   316 | D:1      | Acquired Trog's second power
   741 | D:2      | Reached XP level 3. HP: 34/34 MP: 2/2
  1091 | D:2      | Reached skill level 5 in Fighting
  1339 | D:2      | Noticed Terence
  1349 | D:2      | Killed Terence
  1502 | D:2      | Reached XP level 4. HP: 42/42 MP: 2/2
  3267 | D:4      | Reached XP level 5. HP: 42/50 MP: 2/2
  3420 | D:4      | Found Wyiplor's Assorted Antiques.
  3588 | D:4      | Reached skill level 6 in Fighting
  3745 | D:4      | Noticed an ogre
  3808 | D:3      | Killed an ogre
  3808 | D:3      | Reached skill level 5 in Axes
  3808 | D:3      | Reached XP level 6. HP: 8/58 MP: 3/3
  4172 | D:4      | Found a shimmering altar of Xom.
  4401 | D:5      | Entered Level 5 of the Dungeon
  4482 | D:5      | Reached skill level 7 in Fighting
  4668 | D:5      | Found a bloodstained altar of Trog.
  4699 | D:5      | Reached XP level 7. HP: 51/66 MP: 3/3
  4737 | D:5      | Reached skill level 5 in Armour
  4867 | D:5      | Acquired Trog's third power
  4898 | D:5      | Received a gift from Trog
  5110 | D:6      | Reached skill level 8 in Fighting
  5462 | D:6      | Reached skill level 9 in Fighting
  5462 | D:6      | Reached XP level 8. HP: 52/78 MP: 3/3
  6379 | D:7      | Reached skill level 10 in Fighting
  6570 | D:7      | Found a blossoming altar of Fedhas.
  6841 | D:7      | Found a bloodstained altar of Trog.
  6954 | D:7      | Found a staircase to the Ecumenical Temple.
  7262 | D:8      | Reached XP level 9. HP: 82/86 MP: 4/4
  7726 | D:8      | Noticed a komodo dragon
  8031 | D:7      | Reached skill level 11 in Fighting
  8217 | D:8      | Found a shimmering altar of Xom.
  8232 | D:8      | Found a glowing golden altar of the Shining One.
  8472 | D:8      | Killed a komodo dragon
  8722 | Temple   | Entered the Ecumenical Temple
  8980 | D:9      | Reached skill level 12 in Fighting
  9519 | D:9      | Reached XP level 10. HP: 65/99 MP: 4/4
  9955 | D:9      | Found a sparkling altar of Nemelex Xobeh.
 10023 | D:9      | Received a gift from Trog
 10037 | D:9      | Got an ichor-stained hand axe {god gift}
 10038 | D:9      | Identified the +5 hand axe "Vuvosag" {freeze, +Inv} (Trog gifted it to you on level 9 of the Dungeon)
 10189 | D:10     | Entered Level 10 of the Dungeon
 10363 | D:10     | Found a staircase to the Lair.
 10543 | D:10     | Reached skill level 13 in Fighting
 10780 | D:10     | Noticed a hill giant
 10793 | D:10     | Killed a hill giant
 11185 | Lair:1   | Entered Level 1 of the Lair of Beasts
 11197 | Lair:1   | Reached skill level 10 in Axes
 11197 | Lair:1   | Reached skill level 10 in Armour
 11587 | Lair:1   | Reached skill level 14 in Fighting
 11816 | Lair:1   | Reached XP level 11. HP: 75/111 MP: 4/4
 12130 | Lair:2   | Noticed a four-headed hydra
 12161 | Lair:2   | HP: 6/166 [11-headed hydra (10)]
 12163 | Lair:2   | HP: 1/166 [13-headed hydra (3)]
 12163 | Lair:2   | Slain by a 13-headed hydra

Action                   |  1- 3 |  4- 6 |  7- 9 | 10-12 || total
-------------------------+-------+-------+-------+-------++-------
Melee: Hand axe          |    33 |       |       |   216 ||   249
       War axe           |    36 |   152 |   406 |    28 ||   622
Invok: Trog's Hand       |       |     1 |     1 |     1 ||     3
       Burn Spellbooks   |       |     1 |     1 |       ||     2
       Berserk           |       |     1 |       |     1 ||     2
       Brothers in Arms  |       |       |       |     1 ||     1
Evoke: Wand              |       |       |       |     3 ||     3
  Use: Potion            |     3 |     5 |     3 |     2 ||    13
       Scroll            |       |     4 |     4 |       ||     8
  Eat: Chunk             |     2 |     9 |    11 |    14 ||    36
       Bread ration      |       |     1 |       |       ||     1
       Pizza             |       |       |     2 |       ||     2
       Fruit             |       |       |     2 |       ||     2
